 Dungeon Crawl Stone Soup version 0.30-a0-840-ga523dec638 (webtiles) character file.

Game seed: 10389726835828976669

1017 cforsyth the Covert (level 8, 0/50 HPs)
             Began as a Kobold Brigand on Mar 2, 2023.
             Slain by Pikel
             ... wielding a +1 whip of electrocution
              (5 damage)
             ... on level 5 of the Dungeon.
             The game lasted 00:06:45 (4177 turns).

cforsyth the Covert (Kobold Brigand)                Turns: 4177, Time: 00:06:46

Health: 0/50       AC:  4    Str:  8    XL:     8   Next: 45%
Magic:  8/8        EV: 18    Int: 12    God:
Gold:   231        SH:  0    Dex: 19    Spells: 7/7 levels left

rFire   . . .      SeeInvis .    a - +3 dagger
rCold   . . .      Faith    .    (no shield)
rNeg    . . .      Spirit   .    b - +0 robe
rPois   .          Reflect  .    g - +0 helmet
rElec   .          Harm     .    c - +0 cloak
rCorr   +          Rampage  .    (no gloves)
Will    .....                    (no boots)
Stlth   +++++                    q - amulet of regeneration
HPRegen 1.08/turn                r - ring of resist corrosion
MPRegen 0.11/turn                (no ring)

@: no status effects
A: small, no large weapons, nightstalker 3
a: no special abilities


You were on level 5 of the Dungeon.
You visited 1 branch of the dungeon, and saw 5 of its levels.

You collected 231 gold pieces.

Inventory:

Hand Weapons
 a - a +3 dagger (weapon)
Missiles
 d - 19 poisoned darts (quivered)
 e - 3 curare-tipped darts
 h - 2 atropa-tipped darts
Armour
 b - a +0 robe (worn)
 c - a +0 cloak (worn)
 g - a +0 helmet (worn)
 l - a +0 pair of gloves
Jewellery
 q - an amulet of regeneration (around neck)
 r - a ring of resist corrosion (left hand)
 t - a +5 ring of evasion
 y - an amulet of the acrobat
Wands
 n - a wand of flame (17)
 o - a wand of iceblast (11)
Scrolls
 f - 2 scrolls of identify
 i - 2 scrolls of enchant armour
 j - a scroll of teleportation {unknown}
 m - a scroll of fear
 p - a scroll of vulnerability
 x - a scroll of amnesia {unknown}
Potions
 k - a potion of ambrosia
 u - a potion of flight


   Skills:
 + Level 5.4 Fighting
 + Level 6.5 Short Blades
 - Level 2.1 Throwing
 + Level 5.6 Dodging
 + Level 8.5 Stealth


You had 7 spell levels left.
You didn't know any spells.
Your spell library contained the following spells:

 Spells                   Type           Power      Damage    Failure   Level
 Magic Dart               Conj           0%         1d3       32%         1
 Searing Ray              Conj           0%         2d4       45%         2
 Inner Flame              Hex/Fire       0%         N/A       69%         3
 Flame Wave               Conj/Fire      0%         2d4       97%         4
 Fulminant Prism          Conj/Hex       0%         3d5       97%         4
 Sticky Flame             Conj/Fire      0%         2d3       97%         4


Dungeon Overview and Level Annotations

Branches:
Dungeon (5/15)
 Temple: D:4-7

Altars:
Uskayaw

Annotations:
D:5 1 transporter, Pikel


Innate Abilities, Weirdness & Mutations

You are small and have problems with some larger weapons.
You are completely attuned to the shadows.


Message History

You hit Pikel but do no damage.
Pikel is moderately wounded.
The lemure closely misses you.
Pikel says, "Hell isn't that bad."
Pikel hits you with a +1 whip of electrocution.
The lemure closely misses you.
You hit Pikel but do no damage.
Pikel is moderately wounded.
The lemure hits you. Pikel barely misses you. The lemure barely misses you.
You are too injured to fight recklessly!
You are too injured to fight recklessly!
You are too injured to fight recklessly!
You are too injured to fight recklessly!
You barely miss Pikel.
Pikel is moderately wounded.
You closely miss Pikel.
Pikel is moderately wounded.
The lemure barely misses you. Pikel barely misses you. The lemure hits you.
You closely miss Pikel.
Pikel is moderately wounded.
Pikel barely misses you. The lemure barely misses you. The lemure hits you.
You closely miss Pikel.
Pikel is moderately wounded.
You closely miss Pikel.
Pikel is moderately wounded.
The lemure hits you.
Pikel hits you with a +1 whip of electrocution!
* * * LOW HITPOINT WARNING * * *
The lemure closely misses you.
You barely miss Pikel.
Pikel is moderately wounded.
The lemure misses you.
Pikel hits you with a +1 whip of electrocution!
* * * LOW HITPOINT WARNING * * *
The lemure misses you.
You hit Pikel but do no damage.
Pikel is moderately wounded.
Pikel waves his whip at you.
Pikel hits you with a +1 whip of electrocution.
You die...

###### #5.K.#
#.@5.#
##########....#
#........'....+
.....#####..$.#
#< ##...#
###### #.#
###.#### #.#
#....#
###.########.#
.............#


You could see Pikel and 2 lemures.

Vanquished Creatures
  Edmund (D:5)
  Menkaure (D:5)
  A water moccasin (D:5)
  A black bear (D:5)
  An ogre (D:5)
  2 lemures (D:5)
  A jelly (D:5)
  3 hounds (D:5)
  An orc priest (D:5)
  3 iguanas
  4 orc wizards
  Robin (D:2)
  2 gnolls (D:3)
  3 adders
  2 worms
  3 dart slugs
  13 orcs
  7 ball pythons
  3 bats
  7 endoplasms
  6 giant cockroaches
  14 goblins
  12 hobgoblins
  13 kobolds
  2 quokkas
  2 frilled lizards (D:1)
  2 rats (D:3)
111 creatures vanquished.

Notes
Turn   | Place    | Note
-------+----------+-------------------------------------------
     0 | D:1      | cforsyth the Kobold Brigand began the quest for the Orb.
     0 | D:1      | Reached XP level 1. HP: 12/12 MP: 1/1
   207 | D:1      | Reached XP level 2. HP: 18/18 MP: 2/2
   535 | D:1      | Reached XP level 3. HP: 22/22 MP: 3/3
  1408 | D:2      | Reached XP level 4. HP: 27/27 MP: 4/4
  1420 | D:2      | Noticed Robin
  1519 | D:2      | Reached skill level 6 in Stealth
  1552 | D:2      | Killed Robin
  1820 | D:2      | Reached XP level 5. HP: 9/32 MP: 5/5
  2681 | D:4      | Found a hide-covered altar of Uskayaw.
  3497 | D:4      | Reached XP level 6. HP: 38/38 MP: 6/6
  3651 | D:5      | Entered Level 5 of the Dungeon
  3755 | D:5      | Noticed Edmund
  3787 | D:5      | Reached skill level 7 in Stealth
  3852 | D:5      | Killed Edmund
  3853 | D:5      | Reached skill level 5 in Short Blades
  3853 | D:5      | Reached XP level 7. HP: 26/44 MP: 7/7
  3888 | D:5      | Noticed a water moccasin
  3892 | D:5      | Killed a water moccasin
  4031 | D:5      | Reached skill level 5 in Fighting
  4031 | D:5      | Reached skill level 5 in Dodging
  4031 | D:5      | Reached skill level 8 in Stealth
  4031 | D:5      | Reached XP level 8. HP: 39/49 MP: 8/8
  4081 | D:5      | Noticed Menkaure
  4096 | D:5      | Killed Menkaure
  4106 | D:5      | Found a transporter.
  4155 | D:5      | Noticed Pikel
  4177 | D:5      | Slain by Pikel

Illustrated notes

Levels and vault maps discovered:
D:1:      lightli_arrival_farm, layout_loops_corners,
          chequers_hall_statues_corner_a
D:2:      layout_rooms, st_stairs_12, uniq_robin
D:3:      layout_rooms, minmay_quadrilaterals
D:4:      layout_loops_ring, eat_drink_and_be_merry_uskayaw, minmay_crossroads
D:5:      gammafunk_cloud_chamber, layout_basic, enter_ossuary_5, uniq_edmund,
          uniq_pikel, uniq_menkaure

Skill      XL: |  1  2  3  4  5  6  7  8 |
---------------+-------------------------+-----
Short Blades   | 3 4 5 6 |  6.5
Dodging        | 2 3 4 5 |  5.6
Fighting       | 3 4 5 |  5.4
Stealth        | 6 7 8 |  8.5
Throwing       | |  2.1

Action                     |  1- 3 |  4- 6 |  7- 9 || total
---------------------------+-------+-------+-------++-------
  Melee: Dagger            |    94 |   311 |   120 ||   525
         Punch             |     2 |     4 |       ||     6
  Evoke: Wand              |       |     5 |     2 ||     7
    Use: Potion            |       |     7 |       ||     7
         Scroll            |       |     6 |       ||     6
   Stab: Sleeping          |    14 |    17 |     3 ||    34
         Distracted        |       |     1 |       ||     1
 Armour: Robe              |    13 |    56 |    17 ||    86
         Skin              |       |    33 |       ||    33
  Dodge: Dodged            |    36 |   203 |    85 ||   324

Table legend: (Time is in decaauts)
 A = Elapsed time spent in this place.
 B = Non-inter-level travel time spent in this place.
 C = Inter-level travel time spent in this place.
 D = Time resting spent in this place.
 E = Time spent auto-exploring this place.
 F = Levels seen in this place.
 G = Mean time per level.
                   A        B        C        D        E       F      G
               +--------+--------+--------+--------+--------+-----+--------+
         Total |   4096 |   4003 |     93 |    206 |   2758 |   5 |  819.2 |
       Dungeon |   4096 |   4003 |     93 |    206 |   2758 |   5 |  819.2 |
               +--------+--------+--------+--------+--------+-----+--------+

Top non-repeatable levels by time:
     D:1: 1215 daAuts
     D:4: 865 daAuts
     D:2: 850 daAuts
     D:3: 747 daAuts
     D:5: 417 daAuts
